 Dungeon Crawl Stone Soup version 0.31-a0-771-g505c3d19dc (webtiles) character file.

Game seed: 219957709764980724

3252 iamoutofideas the Severer (level 9, -1/82 HPs)
             Began as a Hill Orc Berserker on Sept 16, 2023.
             Was a Priest of Trog.
             Killed from afar by an efreet (8 damage)
             ... with a fireball
             ... on level 8 of the Dungeon on Sept 17, 2023.
             The game lasted 00:10:49 (6567 turns).

iamoutofideas the Severer (Hill Orc Berserker)      Turns: 6567, Time: 00:10:49

Health: -1/82      AC: 15    Str: 20 (23) XL:     9   Next: 99%
Magic:  9/9        EV:  7    Int:  5 (6)  God:    Trog [***...]
Gold:   528        SH:  0    Dex: 19 (20) Spells: 8/8 levels left

rFire   + + .        a - +0 hand axe
rCold   + . .        (no shield)
rNeg    . . .        h - +0 plate armour
rPois   +            z - +0 helmet
rElec   +            (no cloak)
rCorr   +            (no gloves)
SInv    .            i - +0 pair of boots
Will    ++...        (no amulet) Stlth
                     c - ring of protection from fire
HPRegen 1.33/turn    y - +6 ring of dexterity
MPRegen 0.11/turn

%: no passive effects
@: resistant, strong-willed, on berserk cooldown, regenerating, slowed,
invisible (expiring), very slow
A: agile 1, robust 1
a: Renounce Religion, Berserk, Trog's Hand


You were on level 8 of the Dungeon.
You worshipped Trog.
Trog was most pleased with you.
You visited 2 branches of the dungeon, and saw 9 of its levels.

You collected 528 gold pieces.

Inventory:

Hand Weapons
 a - a +0 hand axe (weapon)
Missiles
 k - a throwing net
Armour
 h - a +0 plate armour (worn)
 i - a +0 pair of boots (worn)
 z - a +0 helmet (worn)
Jewellery
 c - a ring of protection from fire (left hand)
 o - a ring of positive energy
 y - a +6 ring of dexterity (right hand)
 E - a +6 ring of dexterity
Wands
 j - a wand of iceblast (12)
 s - a wand of charming (22)
Scrolls
 b - 2 scrolls of enchant armour {unknown}
 d - 4 scrolls of teleportation
 f - 4 scrolls of identify
 g - 2 scrolls of noise
 m - a scroll of brand weapon {unknown}
 n - a scroll of fear {unknown}
 u - 2 scrolls of blinking {unknown}
 C - a scroll of amnesia
 D - a scroll of revelation {unknown}
Potions
 e - a potion of attraction
 t - 2 potions of enlightenment
 w - a potion of mutation


   Skills:
 - Level 6.0 Fighting
 * Level 15.5 Axes
 - Level 6.0 Armour
 + Level 2.6 Dodging


You had 8 spell levels left.
You didn't know any spells.
Your spell library contained the following spells:

 Spells                   Type           Power      Damage    Failure   Level
 Freeze                   Ice            0%         1d3       100%        1
 Frozen Ramparts          Ice            0%         1d1       100%        3
 Hailstorm                Conj/Ice       0%         3d3       100%        3
 Summon Ice Beast         Ice/Summ       0%         N/A       100%        4
 Simulacrum               Ice/Necr       0%         N/A       100%        6


Dungeon Overview and Level Annotations

Branches:
Dungeon (8/15)             Temple (1/1) D:5
   Lair: D:8-11

Altars:
Ashenzari
Cheibriados
Dithmenos
Elyvilon
Fedhas
Gozag
Hepliaklqana
Kikubaaqudgha
Nemelex Xobeh
Okawaru
Qazlal
Ru
Sif Muna
Trog
Uskayaw
Vehumet
Wu Jian
Xom
Yredelemnul
Zin
The Shining One
Ignis

Shops:
D:2 =   D:3 *   D:5 :

Annotations:
D:5 exclusion: statue
D:7 2 transporters, elongatedgoose's ghost, novice MiBe


Innate Abilities, Weirdness & Mutations

You are agile. (Dex +4, Str/Int -1)
You are robust. (+10% HP)


Message History

Your centaur warrior hits the efreet.
Your centaur warrior kicks the efreet but does no damage.
The efreet barely misses your centaur warrior.
Your centaur warrior hits the efreet!
Your centaur warrior kicks the efreet but does no damage.
Unknown command.
You cannot move.
Your centaur warrior hits the efreet!
Your centaur warrior kicks the efreet.
The efreet gestures at your centaur warrior.
The fireball explodes!
The fireball engulfs your centaur warrior!!
Your centaur warrior dies!
The fireball engulfs you. You resist.
* * * LOW HITPOINT WARNING * * *
The fireball engulfs the efreet.
The efreet completely resists.
Unknown command.
Unknown command.
You cannot move.
You cannot move.
You flicker for a moment.
You hit the boulder beetle but do no damage.
The boulder beetle is lightly wounded.
You feel less wooden.
Your +0 helmet unmelds from your body.
Your +0 pair of boots unmelds from your body.
Your +0 plate armour unmelds from your body.
The efreet gestures at the boulder beetle.
The fireball explodes!
The fireball engulfs the boulder beetle!
The fireball engulfs you. You resist.
* * * LOW HITPOINT WARNING * * *
The fireball engulfs the efreet.
The efreet completely resists.
Unknown command.
Unknown command.
Okay, then.
The efreet gestures at you.
The fireball explodes!
The fireball engulfs the boulder beetle!!
The fireball engulfs you! You resist.
You die...

# #..........#
###....#### #.....####...
...).......# ##..#.#####
####....##.# #..#.....#
#...###.# #......§§#
#....##.#
##.#####.###.####....##.#
#.......§...........#...
#######§###.####........
#@# ........#... #B#
#######.##.# #)# ##.##..
#R# #..#### #°#
######.##### .C.
#........... #...#
#.####.####. #...# #.#
#.# .###. #<# #.#


You could see a boulder beetle (unable to see you), a cyclops (unable to see
you) and an efreet (unable to see you).

Vanquished Creatures
  A deep elf pyromancer (D:8)
  A tarantella (shapeshifter) (D:8)
  Sigmund (D:2)
  A steam dragon (D:7)
  3 orc warriors
  A sky beast (D:7)
  2 ice beasts
  An ogre (D:6)
  A centaur (D:6)
  A kobold brigand (D:8)
  2 gnoll sergeants
  A bullfrog (D:7)
  2 scorpions
  8 crimson imps (D:7)
  5 orc priests
  4 jellies
  A gnoll bouda (D:6)
  3 hounds (D:5)
  3 sleepcaps
  4 iguanas
  3 orc wizards (D:7)
  11 gnolls
  6 adders
  4 white imps
  2 ufetubi
  A worm (D:2)
  2 dart slugs
  23 orcs
  9 bats
  8 endoplasms
  6 giant cockroaches
  8 goblins
  7 hobgoblins
  12 kobolds
  4 quokkas
  5 ball pythons
  7 frilled lizards
  9 rats
173 creatures vanquished.

Vanquished Creatures (others)
  A centaur warrior (D:8)
1 creature vanquished.

Grand Total: 174 creatures vanquished

Notes
Turn   | Place    | Note
-------+----------+-------------------------------------------
     0 | D:1      | iamoutofideas the Hill Orc Berserker began the quest for
                  | the Orb.
     0 | D:1      | Reached XP level 1. HP: 19/19 MP: 1/1
   242 | D:1      | Reached XP level 2. HP: 27/27 MP: 2/2
   655 | D:1      | Reached XP level 3. HP: 33/33 MP: 3/3
   998 | D:2      | Noticed Sigmund
  1012 | D:2      | Killed Sigmund
  1013 | D:2      | Reached skill level 6 in Axes
  1013 | D:2      | Reached XP level 4. HP: 41/41 MP: 4/4
  1013 | D:2      | Reached XP level 5. HP: 47/47 MP: 5/5
  1082 | D:2      | Found a white marble altar of Elyvilon.
  1450 | D:2      | Found Deuquwk's Jewellery Shop.
  1525 | D:2      | Reached ** piety under Trog
  1539 | D:2      | Reached XP level 6. HP: 55/55 MP: 6/6
  1561 | D:2      | Reached skill level 7 in Axes
  1747 | D:3      | Found Zin's Purification Station.
  1754 | D:3      | Found a glowing silver altar of Zin.
  1909 | D:3      | Found a shimmering blue altar of Sif Muna.
  2243 | D:4      | Found a broken altar of Ashenzari.
  2257 | D:4      | Found a shimmering altar of Xom.
  2340 | D:4      | Reached skill level 5 in Fighting
  2527 | D:4      | Found a white marble altar of Elyvilon.
  2530 | D:4      | Found a sparkling altar of Nemelex Xobeh.
  3161 | D:5      | Entered Level 5 of the Dungeon
  3179 | D:5      | Reached skill level 8 in Axes
  3233 | D:5      | Reached XP level 7. HP: 50/61 MP: 7/7
  3463 | D:5      | Found a staircase to the Ecumenical Temple.
  3498 | D:5      | Found Hiluitirr's Book Emporium.
  3507 | Temple   | Entered the Ecumenical Temple
  3684 | D:5      | Found a radiant altar of Vehumet.
  3842 | D:6      | Reached skill level 9 in Axes
  4111 | D:6      | Reached XP level 8. HP: 21/70 MP: 8/8
  4339 | D:6      | Reached skill level 10 in Axes
  4359 | D:6      | HP: 1/70 [gnoll/+0 flail[a gnoll bouda] (6)]
  4393 | D:6      | Reached skill level 5 in Armour
  4717 | D:6      | Reached skill level 11 in Axes
  5087 | D:6      | Found an opulent altar of Gozag.
  5387 | D:7      | Reached *** piety under Trog
  5390 | D:7      | Reached skill level 12 in Axes
  5390 | D:7      | Reached XP level 9. HP: 75/75 MP: 9/9
  5849 | D:7      | Noticed elongatedgoose's ghost (novice MiBe)
  5905 | D:7      | Found a transporter.
  5937 | D:7      | Reached skill level 13 in Axes
  6023 | D:7      | Found a blossoming altar of Fedhas.
  6175 | D:7      | Reached skill level 14 in Axes
  6307 | D:7      | Found a transporter.
  6531 | D:8      | Noticed a tarantella
  6531 | D:8      | Noticed a deep elf pyromancer
  6531 | D:8      | Noticed a cyclops
  6531 | D:8      | Noticed a boulder beetle
  6532 | D:8      | Noticed a centaur warrior
  6536 | D:8      | Noticed an efreet
  6546 | D:8      | Killed a tarantella
  6546 | D:8      | Killed a deep elf pyromancer
  6547 | D:8      | Reached skill level 15 in Axes
  6553 | D:8      | Gained mutation: You are agile. (Dex +4, Str/Int -1)
                  | [potion of mutation]
  6553 | D:8      | Gained mutation: You are robust. (+10% HP) [potion of
                  | mutation]
  6567 | D:8      | Killed from afar by an efreet

Illustrated notes

Levels and vault maps discovered:
D:1:      dpeg_arrival_signposts, layout_basic
D:2:      layout_loops_ring, basic_altar, serial_shops,
          nicolae_shop_tiny_waterfront, uniq_sigmund
D:3:      layout_rooms, zin_purify, mainiacjoe_overflow_tiny_flanked
D:4:      kennysheep_spiral_hall, layout_basic, ashenzari_altar_1,
          xom_teletrap_fun, grunt_temple_overflow_open
D:5:      layout_basic, vehumet_statue, minmay_temple_entry_large_hall,
          serial_shops, nicolae_shop_tiny_waterfront, kennysheep_generic_room_6
D:6:      layout_loops_ring, lemuel_coloured_pillars_altar, serial_bayou_pond_c
D:7:      layout_cave_pools, overflow_temple_1_default,
          gammafunk_ghost_stat_death, minmay_nine_imps
D:8:      minmay_blocky_corners, layout_loops_ring
Temple:   pdpol_scorched_temple

Skill      XL: |  1  2  3  4  5  6  7  8  9 |
---------------+----------------------------+-----
Fighting       | 4 5 6 |  6.0
Axes           | 6 8 9 12 15 | 15.5
Dodging        | 2 |  2.6
Armour         | 3 4 5 6 |  6.0

Action                     |  1- 3 |  4- 6 |  7- 9 || total
---------------------------+-------+-------+-------++-------
  Melee: Hand axe          |    75 |   192 |   353 ||   620
         Punch             |     1 |     1 |     7 ||     9
 Invoke: Berserk           |     2 |     3 |    13 ||    18
         Trog's Hand       |       |     1 |     4 ||     5
  Evoke: Wand              |       |       |     4 ||     4
    Use: Potion            |     1 |       |    14 ||    15
         Scroll            |       |       |     6 ||     6
 Armour: Leather armour    |    23 |       |       ||    23
         Animal skin       |     7 |       |       ||     7
         Chain mail        |    23 |     1 |       ||    24
         Plate armour      |       |   170 |   277 ||   447
         Skin              |       |       |    28 ||    28
  Dodge: Dodged            |    54 |    56 |   115 ||   225

Table legend: (Time is in decaauts)
 A = Elapsed time spent in this place.
 B = Non-inter-level travel time spent in this place.
 C = Inter-level travel time spent in this place.
 D = Time resting spent in this place.
 E = Time spent auto-exploring this place.
 F = Levels seen in this place.
 G = Mean time per level.
                   A        B        C        D        E       F      G
               +--------+--------+--------+--------+--------+-----+--------+
         Total |   6637 |   6299 |    338 |    929 |   4128 |   9 |  737.4 |
       Dungeon |   6635 |   6298 |    337 |    929 |   4128 |   8 |  829.4 |
        Temple |      1 |      1 |      0 |      0 |      0 |   1 |    1.0 |
               +--------+--------+--------+--------+--------+-----+--------+

Top non-repeatable levels by time:
     D:6: 1641 daAuts
     D:1: 1013 daAuts
     D:4: 1010 daAuts
     D:7: 814 daAuts
     D:2: 759 daAuts
     D:5: 701 daAuts
     D:3: 486 daAuts
     D:8: 207 daAuts
  Temple: 1 daAuts
